 Dungeon Crawl Stone Soup version 0.31-a0-1066-g35875b34c7 (webtiles) character file.

Game seed: 17592033580986850435

5 gruber the Conjurer (level 1, 0/10 HPs)
             Began as a Deep Elf Conjurer on Nov 22, 2023.
             Slain by a jackal (3 damage)
             ... on level 1 of the Dungeon.
             The game lasted 00:00:17 (193 turns).

gruber the Conjurer (Deep Elf Conjurer)              Turns: 193, Time: 00:00:18

Health: 0/10       AC:  2    Str:  4    XL:     1   Next: 66%
Magic:  0/6        EV: 12    Int: 22    God:
Gold:   8          SH:  0    Dex: 13    Spells: 5/6 levels left

rFire   . . .        (no weapon)
rCold   . . .        (no shield)
rNeg    . . .        a - +0 robe
rPois   .            (no helmet)
rElec   .            (no cloak)
rCorr   .            (no gloves)
SInv    .            (no boots)
Will    .....        (no amulet)
Stlth   ++           (no ring)
HPRegen 0.21/turn    (no ring)
MPRegen 0.10/turn

%: no passive effects
@: very slightly contaminated
A: no striking features
a: no special abilities


You were on level 1 of the Dungeon.
You visited 1 branch of the dungeon, and saw 1 of its levels.

You collected 8 gold pieces.

Inventory:

Armour
 a - a +0 robe (worn)
Potions
 b - a potion of magic


   Skills:
 - Level 2.4 Dodging
 - Level 2.4 Stealth
 + Level 3.0 Spellcasting
 * Level 4.7 Conjurations


You had 5 spell levels left.
You knew the following spells:

 Your Spells              Type           Power      Damage    Failure   Level
a - Magic Dart            Conj           96%        1d7       1%          1

Your spell library contained the following spells:

 Spells                   Type           Power      Damage    Failure   Level
 Searing Ray              Conj           48%        2d6       2%          2
 Static Discharge         Conj/Air       26%        3-5/arc   7%          2
 Dazzling Flash           Conj/Hex       26%        N/A       14%         3
 Fulminant Prism          Conj/Hex       6%         3d7       43%         4
 Iskenderun's Mystic Bla  Conj/Tloc      13%        2d5       43%         4
 Airstrike                Air            1%         2d(1-17)  77%         4
 Summon Lightning Spire   Summ/Air       3%         N/A       77%         4


Dungeon Overview and Level Annotations

Branches:
Dungeon (1/15)

Altars:


Message History

You are too injured to fight recklessly!
You are too injured to fight recklessly!
You are too injured to fight recklessly!
You closely miss the jackal.
The jackal is severely wounded.
The jackal closely misses you. The jackal bites you.
* * * LOW HITPOINT WARNING * * *
You hit the jackal.
The jackal is almost dead.
The jackal bites you but does no damage.
You closely miss the jackal.
The jackal is severely wounded.
The jackal closely misses you.
You barely miss the jackal.
The jackal is severely wounded.
The jackal completely misses you. The jackal barely misses you.
You barely miss the jackal.
The jackal is severely wounded.
The jackal barely misses you. The jackal attacks as it pursues you!
The jackal barely misses you. The jackal bites you.
* * * LOW HITPOINT WARNING * * *
Casting: Magic Dart (safe; 1% risk of failure)
Confirm with . or Enter, or press ? or * to list all spells.
Aiming: Magic Dart (safe; 1% risk of failure)
Press: ? - help, Shift-Dir - straight line, f/p - jackal
Aim: a jackal (severely wounded, 100% to hit)
You miscast Magic Dart.
You are very lightly contaminated with residual magic.
Nothing appears to happen.
The jackal closely misses you.
Unknown command.
Unknown command.
Unknown command.
The jackal attacks as it pursues you! The jackal barely misses you.
The jackal barely misses you. The jackal closely misses you.
The jackal attacks as it pursues you! The jackal misses you. x2
The jackal attacks as it pursues you! The jackal barely misses you.
The jackal attacks as it pursues you! The jackal bites you.
You die...

....# #.# #.# .<..+
#.# #.# ....# #.#
#.# ....# #.# #.#
#+### #.# #.# #.#
#.# #.# #.#
##########'#######.#
#.......h@..)......#
#............#######
#............#
#####............#
.>...............#
.###.............#
#.............#
#...†.........#
#...........####


You could see a jackal.

Vanquished Creatures
  3 jackals (D:1)
  A kobold (D:1)
  A rat (D:1)
5 creatures vanquished.

Notes
Turn   | Place    | Note
-------+----------+-------------------------------------------
     0 | D:1      | gruber the Deep Elf Conjurer began the quest for the Orb.
     0 | D:1      | Reached XP level 1. HP: 10/10 MP: 6/6
   193 | D:1      | Slain by a jackal

Illustrated notes

Levels and vault maps discovered:
D:1:      shiori_arrival_elements, layout_basic

Action                     || total
---------------------------++-------
  Melee: Unarmed           ||    10
   Cast: Magic Dart        ||    10
 Armour: Robe              ||     9
  Dodge: Dodged            ||    17

Table legend: (Time is in decaauts)
 A = Elapsed time spent in this place.
 B = Non-inter-level travel time spent in this place.
 C = Inter-level travel time spent in this place.
 D = Time resting spent in this place.
 E = Time spent auto-exploring this place.
 F = Levels seen in this place.
 G = Mean time per level.
                   A        B        C        D        E       F      G
               +--------+--------+--------+--------+--------+-----+--------+
         Total |    193 |    193 |      0 |      0 |    156 |   1 |  193.0 |
       Dungeon |    193 |    193 |      0 |      0 |    156 |   1 |  193.0 |
               +--------+--------+--------+--------+--------+-----+--------+

Top non-repeatable levels by time:
     D:1: 193 daAuts
